AoeStats
← Triqem

Lombardia

509031406Analyzed
2v2 RM · 8d ago on Sep 25, 2026· 48m 45s· 4 players
Game mode
Random Map
Map size
Medium (4 player)
Population
200
Speed
Normal
Resources
Standard
Victory
Conquest
Starting age
Dark Age
Ending age
Imperial Age
RankedLock teamsTeams togetherTeam positionsShared explorationLock speedFull tech treeHidden civsTurbo modeCheats
Victory
Defeat
🇺🇸 Saxons · United States
1093
+16
🇺🇸 Saracens · United States
1071
+17
🇵🇪 Ethiopians · Peru
1119
-18
🇨🇳 Mongols · China
1068
-15
我是小菜鸡
8:21 Feudal Age
17:59 Castle Age
16:22 Double-Bit Axe
17:37 Gold Mining
20:49 Fletching
22:03 Thumb Ring
24:10 Bow Saw
28:21 Husbandry
28:12 Horse Collar
29:51 Padded Archer Armor
30:16 Heavy Plow
30:33 Bodkin Arrow
36:51 Imperial Age
34:15 Stone Mining
36:21 Wheelbarrow
36:40 Wheelbarrow
36:47 Leather Archer Armor
38:05 Parthian Tactics
37:26 Elite Skirmisher
38:02 Onager
40:30 Hand Cart
42:06 Elite Mangudai
43:08 Drill
46:20 Bracer
llspritell
7:46 Loom
10:22 Feudal Age
10:57 Double-Bit Axe
14:38 Fletching
15:24 Padded Archer Armor
20:36 Castle Age
20:42 Crossbowman
22:36 Bodkin Arrow
23:41 Ballistics
26:34 Forging
26:26 Scale Mail Armor
28:01 Wheelbarrow
27:47 Stone Mining
28:19 Leather Archer Armor
28:17 Elite Skirmisher
30:40 Town Watch
31:18 Squires
33:08 Iron Casting
38:45 Imperial Age
38:42 Light Cavalry
39:44 Scale Barding Armor
39:52 Hussar
42:15 Husbandry
44:48 Conscription
47:47 Gold Mining
DVaso
10:22 Feudal Age
8:57 Loom
11:04 Double-Bit Axe
17:51 Castle Age
17:40 Horse Collar
19:29 Fletching
20:19 Bodkin Arrow
20:25 Town Watch
20:28 Elite Skirmisher
25:25 Padded Archer Armor
29:54 Wheelbarrow
33:21 Imperial Age
32:19 Leather Archer Armor
32:51 Thumb Ring
36:39 Bracer
38:03 Ballistics
41:10 Chemistry
41:26 Squires
42:10 Scale Mail Armor
43:14 Ring Archer Armor
43:17 Masonry
43:56 Conscription
44:02 Chain Mail Armor
43:10 Elite Hearth Troop
44:11 Pikeman
45:02 Forging
46:56 Plate Mail Armor
45:52 Halberdier
47:03 Bow Saw
48:02 Iron Casting
48:04 Caravan
48:04 Arson
Triqem
10:25 Feudal Age
10:52 Loom
20:31 Castle Age
19:53 Double-Bit Axe
20:00 Stone Mining
20:17 Horse Collar
22:42 Bow Saw
22:42 Scale Barding Armor
24:07 Wheelbarrow
24:51 Bloodlines
25:36 Forging
27:21 Husbandry
28:28 Fletching
30:31 Heavy Plow
31:07 Bodkin Arrow
32:21 Elite Skirmisher
33:17 Padded Archer Armor
34:07 Gold Mining
34:40 Thumb Ring
38:05 Gold Shaft Mining
39:30 Leather Archer Armor
42:00 Imperial Age
40:28 Light Cavalry
41:31 Chain Barding Armor
42:19 Hussar
43:43 Iron Casting
44:28 Plate Barding Armor
45:37 Elite Mameluke
47:10 Hand Cart
48:16 Two-Man Saw
49:59 Blast Furnace
Connection lost

Rejoining the realm…

Still unreachable

The connection could not be restored.

Session expired

The server has moved on; the page needs a fresh start.